 Dungeon Crawl Stone Soup version 0.29-a0-998-g1987434951 (webtiles) character file.

Game seed: 10061456008418045060

137311 Wyvernaa the Tortoise (level 17, -14/123 (133) HPs)
             Began as a Gnoll Wanderer on Mar 7, 2022.
             Was an Elder of Okawaru.
             Demolished by a wolf spider (15 damage)
             ... led by a jorogumo
             ... on level 3 of the Spider Nest on Aug 6, 2022.
             The game lasted 04:22:01 (44965 turns).

Wyvernaa the Tortoise (Gnoll Wanderer)             Turns: 44965, Time: 04:22:02

HP:   -14/123 (133) AC: 24    Str: 24    XL:     17   Next: 23%
MP:   9/11          EV:  7    Int: 15    God:    Okawaru [****..]
Gold: 656           SH:  0    Dex: 11    Spells: 24/40 levels left

rFire   + . .      SeeInvis .   o - +8 mace of the Lonely Nightmares {antimagic, rF+ Will+ Str+3}
rCold   + + .      Faith    .   t - +0 kite shield
rNeg    . . .      Spirit   .   D - +2 scale mail {rC+}
rPois   +          Reflect  +   I - +2 hat {Stlth+}
rElec   +          Harm     .   X - +2 cloak
rCorr   .          Rampage  .   i - +2 pair of gloves of Mopsevell {Will++}
Will    ++++.                   B - +1 pair of boots of Divine Compulsion {rElec rC+ Regen+ Stlth+}
Stlth   +++++.....              r - amulet of reflection
HPRegen 1.10/turn               Y - +6 ring of strength
MPRegen 0.12/turn               J - ring of poison resistance

@: held, studying Armour, drained
A: fangs 1, strong nose, distributed training, clumsy 1
a: Renounce Religion, Heroism, Finesse


You were on level 3 of the Spider Nest.
You worshipped Okawaru.
Okawaru was greatly pleased with you.
You visited 5 branches of the dungeon, and saw 28 of its levels.
You also visited: Sewer, Bailey and Ice Cave.

You collected 2525 gold pieces.
You spent 1869 gold pieces at shops.

Inventory:

Hand Weapons
 j - the +7 great sword of Exhibitionism {freeze, *Slow rElec Str+8}
   (You found it on level 8 of the Dungeon)

   It freezes those it strikes, dealing additional cold damage.
   It can also slow down cold-blooded creatures.
   Str:       It affects your strength (+8).
   rElec:     It insulates you from electricity.
   *Slow:     It may slow you when you take damage.
 o - the +8 mace of the Lonely Nightmares (weapon) {antimagic, rF+ Will+ Str+3}
   (You bought it in a shop on level 2 of the Orcish Mines)

   It reduces the magical energy of the wielder, and disrupts the spells and
   magical abilities of those it strikes.
   Natural abilities and divine invocations are not affected.
   Str:       It affects your strength (+3).
   rF:        It protects you from fire.
   Will:      It increases your willpower.
 p - a +2 lajatang of electrocution
 G - the +6 scimitar of Doom {pain, rElec Dex+6 SInv}
   (You found it on level 3 of the Lair of Beasts)

   In the hands of one skilled in necromantic magic, it inflicts extra damage on
   living creatures.
   Dex:       It affects your dexterity (+6).
   rElec:     It insulates you from electricity.
   SInv:      It lets you see invisible.
 N - the +10 fustibalus of Iconoclasm {venom, rF+ rN+}
   (You bought it in a shop on level 5 of the Dungeon)

   Any ammunition fired from it poisons the flesh of those it strikes.
   rF:        It protects you from fire.
   rN:        It protects you from negative energy.
 O - a +0 lajatang of venom
 V - the +7 battleaxe "Ejiapn" {drain, Fly rElec rF- Will+++}
   (Okawaru gifted it to you on level 3 of the Lair of Beasts)

   A truly terrible weapon, it drains the life of any living foe it strikes.
   rF:        It makes you vulnerable to fire.
   rElec:     It insulates you from electricity.
   Fly:       It grants you flight.
   Will:      It greatly increases your willpower.
Missiles
 b - 9 curare-tipped darts
 c - 12 silver javelins
 h - 4 atropa-tipped darts (quivered)
 R - 3 stones
 S - a throwing net
Armour
 i - the +2 pair of gloves of Mopsevell (worn) {Will++}
   (You bought it in a shop on level 2 of the Orcish Mines)

   Will:      It greatly increases your willpower.
 t - a +0 kite shield (worn)
 B - the +1 pair of boots of Divine Compulsion (worn) {rElec rC+ Regen+ Stlth+}
   (You bought it in a shop on level 5 of the Dungeon)

   rC:        It protects you from cold.
   rElec:     It insulates you from electricity.
   Regen:     It increases your rate of health regeneration.
   Stlth:     It makes you more stealthy.
 D - a +2 scale mail of cold resistance (worn)
 E - the +0 pair of gloves "Seroor" {Fly}
   (Okawaru gifted it to you on level 1 of the Lair of Beasts)

   Fly:       It grants you flight.
 I - a +2 hat of stealth (worn)
 X - a +2 cloak (worn)
Jewellery
 e - a ring of resist corrosion
 r - an amulet of reflection (around neck)
 u - a ring of positive energy
 v - a +6 ring of dexterity
 J - a ring of poison resistance (right hand)
 K - a ring of protection from fire
 Y - a +6 ring of strength (left hand)
Wands
 n - a wand of roots (7)
 y - a wand of polymorph (5)
 A - a wand of paralysis (60)
 F - a wand of iceblast (12)
 M - a wand of mindburst (17)
 P - a wand of digging (11)
Scrolls
 a - 4 scrolls of fear
 m - a scroll of identify
 x - 3 scrolls of poison
 z - a scroll of brand weapon
 C - 11 scrolls of enchant armour
 L - 3 scrolls of teleportation
 Q - 3 scrolls of enchant weapon
 U - 2 scrolls of silence
Potions
 d - a potion of invisibility
 f - 5 potions of mutation
 g - 6 potions of might
 k - 5 potions of ambrosia
 l - 6 potions of curing
 q - 3 potions of cancellation
 s - 4 potions of haste
 w - 4 potions of lignification
 H - a potion of magic


   Skills:
 + Level 12.1 Fighting
 + Level 11.8 Short Blades
 + Level 11.8 Long Blades
 + Level 12.1 Axes
 + Level 11.8 Maces & Flails
 + Level 11.8 Polearms
 + Level 11.8 Staves
 + Level 11.8 Ranged Weapons
 + Level 11.8 Throwing
 + Level 15.5 Armour
 + Level 11.8 Dodging
 + Level 12.0 Stealth
 + Level 11.8 Shields
 + Level 11.8 Unarmed Combat
 + Level 12.1 Spellcasting
 + Level 10.0 Conjurations
 + Level 10.0 Hexes
 + Level 10.0 Summonings
 + Level 10.0 Necromancy
 + Level 10.0 Translocations
 + Level 10.0 Transmutations
 + Level 10.0 Fire Magic
 + Level 10.0 Ice Magic
 + Level 10.0 Air Magic
 + Level 13.1 Earth Magic
 + Level 10.0 Poison Magic
 + Level 12.8 Invocations
 + Level 12.1 Evocations


You had 24 spell levels left.
You knew the following spells:

 Your Spells              Type           Power      Damage    Failure   Level
a - Sandblast             Erth           96%        2d20      1%          1
b - Stone Arrow           Conj/Erth      86%        3d12      1%          3
c - Swiftness             Air            39%        N/A       1%          3
d - Confusing Touch       Hex            39%        N/A       1%          3
e - Necrotise             Necr           100%       1d9       1%          1
f - Yara's Violent Unrav  Hex/Tmut       19%        3d9       14%         5

Your spell library contained the following spells:

 Spells                   Type           Power      Damage    Failure   Level
 Animate Skeleton         Necr           78%        N/A       1%          1
 Apportation              Tloc           78%        N/A       1%          1
 Foxfire                  Conj/Fire      100%       2x1d9     1%          1
 Shock                    Conj/Air       100%       1d9       1%          1
 Static Discharge         Conj/Air       39%        3-8/arc   1%          2
 Conjure Flame            Conj/Fire      39%        6-21      1%          3
 Dazzling Flash           Conj/Hex       78%        N/A       1%          3
 Ignite Poison            Fire/Tmut/Pois 39%        N/A       1%          3
 Inner Flame              Hex/Fire       39%        N/A       1%          3
 Ozocubu's Armour         Ice            39%        N/A       1%          3
 Portal Projectile        Hex/Tloc       78%        N/A       1%          3
 Vampiric Draining        Necr           39%        2d8       1%          3
 Petrify                  Tmut/Erth      43%        N/A       2%          4
 Airstrike                Air            19%        2d(3-19)  4%          4
 Dispel Undead            Necr           39%        3d16      4%          4
 Flame Wave               Conj/Fire      39%        2d11      4%          4
 Hailstorm                Conj/Ice       39%        3d9       4%          4
 Sticky Flame             Conj/Fire      39%        2d6       4%          4
 Agony                    Necr           39%        N/A       14%         5
 Blade Hands              Tmut           19%        N/A       14%         5
 Freezing Cloud           Conj/Ice/Air   19%        6-21      14%         5
 Irradiate                Conj/Tmut      19%        3d18      14%         5
 Metabolic Englaciation   Hex/Ice        19%        N/A       14%         5
 Silence                  Hex/Air        19%        N/A       14%         5
 Dragon Form              Tmut           19%        N/A       99%         7
 Enfeeble                 Hex            19%        N/A       99%         7
 Borgnjor's Revivificati  Necr           19%        N/A       100%        8
 Necromutation            Tmut/Necr      19%        N/A       100%        8
 Death's Door             Necr           19%        N/A       100%        9
 Fire Storm               Conj/Fire      19%        8d5       100%        9
 Polar Vortex             Ice            19%        N/A       100%        9
 Summon Small Mammal      Summ           Unusable   N/A       N/A         1
 Call Canine Familiar     Summ           Unusable   N/A       N/A         3
 Summon Guardian Golem    Hex/Summ       Unusable   N/A       N/A         3
 Tukima's Dance           Hex            Unusable   N/A       N/A         3
 Simulacrum               Ice/Necr       Unusable   N/A       N/A         6

Dungeon Overview and Level Annotations

Branches:
Dungeon (15/15)            Temple (0/1) D:6            Lair (6/6) D:8
  Swamp (2/4) Lair:2       Spider (3/4) Lair:3          Orc (2/2) D:12
    Elf (0/3) Orc:2        Vaults (0/5) D:14         Depths (0/4) D:15
  Sewer (visited)          Bailey (visited)           IceCv (visited)
  Slime: Lair:4-5

Altars:
Cheibriados
Elyvilon
Hepliaklqana
Kikubaaqudgha
Makhleb
Nemelex Xobeh
Okawaru
Qazlal
Ru
Sif Muna
Vehumet
Wu Jian
Xom
Yredelemnul
Zin
Jiyva

Shops:
D:1 (   D:5 **   D:7 *   D:15 ?   Orc:2 [[*(

Portals:
Trove: D:13 (give +3 fire dragon scales)

Annotations:
D:1 need flying
D:12 1 runed translucent door, fisk's ghost, novice DsCK
D:14 2 transporters, Faeteph's ghost, journeyman FoHu
Lair:4 exclusion: oklob plant
Lair:5 exclusion: 2 oklob plants


Innate Abilities, Weirdness & Mutations

You have very sharp teeth.
Your uncanny sense of smell can sniff out nearby items.
Your experience applies equally to all skills.
You are clumsy. (Dex -2)


Message History

You bite the jorogumo, but do no damage.
The jorogumo is heavily wounded.
The jumping spider leaps!
The wolf spider hits you! You block the wolf spider's attack.
The jorogumo hits you!
* * * LOW HITPOINT WARNING * * *
You feel yourself slow down.
The jorogumo hits itself!
The wolf spider misses you. You block the wolf spider's attack.
The jumping spider leaps!
The wolf spider hits you.
* * * LOW HITPOINT WARNING * * *
You block the wolf spider's attack. The wolf spider closely misses you.
The wolf spider barely misses you.
You feel yourself speed up.
The jumping spider leaps!
You block the wolf spider's attack. x2
The jumping spider attacks as you move away!
The jumping spider closely misses you. You block the jumping spider's attack.
The jumping spider pounces on you!
* * * LOW HITPOINT WARNING * * *
You are caught in a web!
The jumping spider bites you but does no damage.
The wolf spider hits you but does no damage.
The wolf spider bites you but does no damage.
There is a web here.
You struggle to detach yourself from the web.
The jumping spider pounces on you but does no damage.
The jumping spider bites you but does no damage.
The wolf spider hits you!
* * * LOW HITPOINT WARNING * * *
The wolf spider bites you but does no damage.
Okay, then.
You feel better. The jumping spider pounces on you.
* * * LOW HITPOINT WARNING * * *
The jumping spider completely misses you.
The wolf spider hits you.
* * * LOW HITPOINT WARNING * * *
The wolf spider barely misses you.
The jorogumo barely misses the wolf spider.
The jumping spider pounces on you but does no damage.
The jumping spider completely misses you.
The wolf spider hits you!
You die...

#..^# ##..##
#.[..## ##....#
#####.<####
#..^..^<..#
#....##.....#
####..#####......
∆ #.#.s@# .#....
#...s## # ###
#..H## #^#..#
#.##..# # H.#
°(.. .#.## ####


You could see a jorogumo (confused, magic disrupted), a wolf spider and a
jumping spider.

Vanquished Creatures
  A thorn hunter (Arena)
  An emperor scorpion (Spider:1)
  A broodmother (Spider:2)
  A stone giant (D:15)
  2 eleionomae (Swamp:2)
  An entropy weaver (Spider:2)
  A bunyip (Swamp:1)
  Snorg (Lair:6)
  The ghost of ragingrage the Cleaver, a journeyman GrAr of Okawaru (Lair:3)
  Josephine (D:10)
  5 boulder beetles
  Erolcha (D:10)
  An ice dragon (IceCv)
  A vault guard (D:14)
  2 ghost crabs (Swamp:2)
  2 two-headed ogres
  Erica (D:10)
  15 hydras
  5 centaur warriors
  2 death knights
  2 tengu warriors (D:15)
  An orc high priest (Orc:2)
  Urug (Lair:1)
  9 death yaks
  Sonja (Lair:6)
  3 skeletal warriors (D:15)
  A steelbarb worm (Spider:2)
  A spriggan druid (Swamp:1)
  2 goliath frogs
  2 bog bodies (Lair:2)
  7 orc knights
  2 orb spiders
  3 deep elf pyromancers
  2 manticores
  21 ugly things
  9 wolf spiders
  5 cyclopes
  An orc sorcerer (Orc:2)
  Joseph (Lair:1)
  A will-o-the-wisp (Swamp:2)
  A moth of wrath (Spider:2)
  4 black mambas
  21 elephants
  4 torpor snails
  6 cane toads
  2 gargoyles
  8 rime drakes
  2 kobold demonologists (D:9)
  Psyche (D:10)
  7 demonic crawlers (Spider:2)
  11 komodo dragons
  2 unseen horrors (D:11)
  2 freezing wraiths
  14 trolls
  13 polar bears
  A polar bear (shapeshifter) (D:13)
  A wolf spider simulacrum (D:15)
  14 tarantellas
  A tyrant leech (Swamp:2)
  A bloated husk (Swamp:1)
  2 raiju (Lair:6)
  10 dream sheep
  16 slime creatures
  17 blink frogs
  Prince Ribbit (D:7)
  3 hornets
  13 jumping spiders
  5 culicivoras
  A spriggan (Swamp:1)
  8 wraiths
  10 wyverns
  A vampire (D:14)
  32 yaks
  5 basilisks
  15 vampire mosquitoes
  15 redbacks
  A death yak simulacrum (Lair:3)
  A swamp worm (Swamp:2)
  Duvessa (D:6)
  4 wargs (Lair:6)
  2 acid dragons
  15 hell hounds (Lair:6)
  A hydra simulacrum (Lair:3)
  34 water moccasins
  A sky beast (D:7)
  17 black bears
  46 orc warriors
  A swamp drake (Swamp:2)
  2 ogres
  30 wolves
  28 centaurs
  2 kobold brigands
  10 bullfrogs
  A gnoll sergeant (D:5)
  9 necrophages
  22 wights
  Dowan (D:6)
  A dream sheep simulacrum (Lair:3)
  6 killer bees
  4 electric eels
  A torpor snail simulacrum (Lair:3)
  6 howler monkeys
  A komodo dragon simulacrum (Lair:3)
  10 orc priests
  2 jellies
  3 gnoll boudas
  3 hounds (D:6)
  Jessica (D:2)
  5 hell rats (Lair:6)
  2 iguanas (D:7)
  9 orc wizards
  A statue (D:6)
  10 gnolls
  15 adders
  A river rat (Sewer)
  2 white imps
  4 ufetubi
  2 worms
  2 dart slugs
  104 orcs
  9 ball pythons
  7 bats
  5 endoplasms
  5 giant cockroaches (D:3)
  A hobgoblin (D:2)
  A jackal (Sewer)
  19 kobolds
  5 quokkas
  4 frilled lizards
  9 goblins
  13 rats
893 creatures vanquished.

Vanquished Creatures (others)
  A bloated husk (Swamp:1)
  A polar bear (IceCv)
  A swamp drake (Swamp:2)
  2 bushes
  10 foxfires (Swamp:2)
  90 fungi
  128 plants
233 creatures vanquished.

Grand Total: 1126 creatures vanquished

Notes
Turn   | Place    | Note
-------+----------+-------------------------------------------
     0 | D:1      | Wyvernaa the Gnoll Wanderer began the quest for the Orb.
     0 | D:1      | Wyvernaa set off with the following items: a +1 hand axe, a
                  | potion of heal wounds, 30 stones, a +0 robe; and the
                  | following spell memorised: Sandblast; and the following
                  | spells available to memorise: Stone Arrow, Petrify
     0 | D:1      | Reached XP level 1. HP: 17/17 MP: 4/4
   401 | D:1      | Reached XP level 2. HP: 23/23 MP: 3/5
   518 | D:1      | Found Agomegg's Weapon Shop.
   521 | D:1      | Found a faded altar of an unknown god.
   898 | D:2      | Found a shimmering blue altar of Sif Muna.
   989 | D:2      | Reached XP level 3. HP: 28/28 MP: 4/7
  1200 | D:2      | Reached skill level 1 in Invocations
  1675 | D:2      | Noticed Jessica
  1681 | D:2      | Killed Jessica
  1682 | D:2      | Reached skill level 1 in Short Blades
  1682 | D:2      | Reached skill level 1 in Long Blades
  1682 | D:2      | Reached skill level 1 in Maces & Flails
  1682 | D:2      | Reached skill level 1 in Polearms
  1682 | D:2      | Reached skill level 1 in Staves
  1682 | D:2      | Reached skill level 1 in Slings
  1682 | D:2      | Reached skill level 1 in Ranged Weapons
  1682 | D:2      | Reached skill level 1 in Crossbows
  1682 | D:2      | Reached skill level 1 in Throwing
  1682 | D:2      | Reached skill level 1 in Armour
  1682 | D:2      | Reached skill level 1 in Dodging
  1682 | D:2      | Reached skill level 1 in Shields
  1682 | D:2      | Reached skill level 1 in Unarmed Combat
  1682 | D:2      | Reached XP level 4. HP: 34/34 MP: 5/8
  1954 | D:3      | Reached skill level 1 in Conjurations
  1954 | D:3      | Reached skill level 1 in Hexes
  1954 | D:3      | Reached skill level 1 in Summonings
  1954 | D:3      | Reached skill level 1 in Necromancy
  1954 | D:3      | Reached skill level 1 in Translocations
  1954 | D:3      | Reached skill level 1 in Transmutations
  1954 | D:3      | Reached skill level 1 in Fire Magic
  1954 | D:3      | Reached skill level 1 in Ice Magic
  1954 | D:3      | Reached skill level 1 in Air Magic
  1954 | D:3      | Reached skill level 1 in Poison Magic
  2133 | D:3      | Found a glowing drain.
  2176 | Sewer    | Entered a sewer
  2190 | Sewer    | Reached XP level 5. HP: 35/40 MP: 4/9
  2430 | Sewer    | Noticed a kobold brigand
  2548 | Sewer    | Killed a kobold brigand
  2831 | Sewer    | Found a white marble altar of Elyvilon.
  3163 | D:3      | Found a burning altar of Makhleb.
  3343 | D:4      | Reached XP level 6. HP: 37/47 MP: 7/11
  3564 | D:4      | Reached skill level 2 in Armour
  5043 | D:4      | Reached XP level 7. HP: 31/47 MP: 9/12
  5166 | D:4      | Found an iron altar of Okawaru.
  5181 | D:4      | Became a worshipper of Warmaster Okawaru
  5215 | D:4      | Found a white marble altar of Elyvilon.
  5398 | D:5      | Entered Level 5 of the Dungeon
  5516 | D:5      | Found Ejouqos's General Store.
  5631 | D:5      | Found Unovuk's Assorted Antiques.
  6776 | D:5      | Bought a pair of jewelled boots for 228 gold pieces
  6776 | D:5      | Identified the +1 pair of boots of Divine Compulsion {rElec
                  | rC+ Regen+ Stlth+} (You bought it in a shop on level 5 of
                  | the Dungeon)
  7009 | D:6      | Found a staircase to the Ecumenical Temple.
  7074 | D:6      | Noticed a yak
  7267 | D:6      | Found a radiant altar of Vehumet.
  7633 | D:6      | Reached XP level 8. HP: 60/60 MP: 14/14
  7879 | D:6      | Noticed a yak
  7984 | D:6      | Reached skill level 3 in Armour
  8017 | D:6      | Found a hazy altar of Hepliaklqana.
  8017 | D:6      | Found a sacrificial altar of Ru.
  8019 | D:6      | Found a basalt altar of Yredelemnul.
  8019 | D:6      | Found a stormy altar of Qazlal.
  8019 | D:6      | Found an ancient bone altar of Kikubaaqudgha.
  8019 | D:6      | Found an ornate altar of the Wu Jian Council.
  8021 | D:6      | Found a shimmering blue altar of Sif Muna.
  8021 | D:6      | Found a glowing silver altar of Zin.
  8021 | D:6      | Found a snail-covered altar of Cheibriados.
  8022 | D:6      | Noticed Dowan
  8025 | D:6      | Noticed Duvessa
  8297 | D:6      | Killed Duvessa
  8297 | D:6      | Reached * piety under Okawaru
  8301 | D:6      | Killed Dowan
  8336 | D:6      | Identified the +2 robe "Josyleaff" {-Tele rF++ rN+}
  8469 | D:6      | Noticed a yak
  8542 | D:6      | Killed a yak
  8614 | D:6      | Noticed a yak
  8670 | D:7      | Found a shimmering altar of Xom.
  8672 | D:7      | Found a shimmering altar of Xom.
  8764 | D:7      | Found a shimmering altar of Xom.
  8771 | D:7      | Found a shimmering altar of Xom.
  8771 | D:7      | Found a shimmering altar of Xom.
  8782 | D:7      | Noticed a blink frog
  8835 | D:7      | Noticed Prince Ribbit
  8849 | D:7      | Killed Prince Ribbit
  8850 | D:7      | Reached XP level 9. HP: 43/66 MP: 13/16
  8946 | D:7      | Reached ** piety under Okawaru
  8947 | D:7      | Reached skill level 4 in Armour
  9080 | D:7      | Reached skill level 5 in Spellcasting
  9118 | D:7      | Found Toenn's Overcharged Wands.
  9276 | D:7      | Noticed a rime drake
  9279 | D:7      | Noticed an eye of devastation
  9353 | D:8      | Found a flagged portal.
  9388 | Bailey   | Entered a bailey
  9432 | Bailey   | Reached skill level 5 in Fighting
  9432 | Bailey   | Reached skill level 5 in Axes
  9432 | Bailey   | Reached skill level 5 in Evocations
  9686 | Bailey   | Reached skill level 5 in Stealth
 10616 | Bailey   | Reached skill level 5 in Invocations
 10657 | Bailey   | Reached *** piety under Okawaru
 10904 | Bailey   | Learned a level 3 spell: Stone Arrow
 11407 | Bailey   | Reached XP level 10. HP: 74/74 MP: 5/18
 11796 | Bailey   | Reached skill level 5 in Short Blades
 11796 | Bailey   | Reached skill level 5 in Long Blades
 11796 | Bailey   | Reached skill level 5 in Maces & Flails
 11796 | Bailey   | Reached skill level 5 in Polearms
 11796 | Bailey   | Reached skill level 5 in Staves
 11796 | Bailey   | Reached skill level 5 in Slings
 11796 | Bailey   | Reached skill level 5 in Ranged Weapons
 11796 | Bailey   | Reached skill level 5 in Crossbows
 11796 | Bailey   | Reached skill level 5 in Throwing
 11796 | Bailey   | Reached skill level 5 in Armour
 11796 | Bailey   | Reached skill level 5 in Dodging
 11796 | Bailey   | Reached skill level 5 in Shields
 11796 | Bailey   | Reached skill level 5 in Unarmed Combat
 12419 | D:8      | Reached **** piety under Okawaru
 12577 | D:8      | Found a staircase to the Lair.
 13065 | D:8      | Reached skill level 6 in Armour
 13073 | D:8      | Reached skill level 10 in Earth Magic
 13272 | D:8      | Found a large runed translucent door.
 13272 | D:8      | Found a large runed translucent door.
 13471 | D:8      | Noticed a centaur warrior
 13471 | D:8      | Noticed a death knight
 13479 | D:8      | Found a large runed translucent door.
 13479 | D:8      | Found a large runed translucent door.
 13496 | D:8      | Noticed a two-headed ogre
 13506 | D:8      | Killed a two-headed ogre
 13506 | D:8      | Reached ***** piety under Okawaru
 13520 | D:8      | Reached XP level 11. HP: 65/83 MP: 20/20
 13862 | D:8      | Received a gift from Okawaru
 13863 | D:8      | Reached skill level 5 in Conjurations
 13863 | D:8      | Reached skill level 5 in Hexes
 13863 | D:8      | Reached skill level 5 in Summonings
 13863 | D:8      | Reached skill level 5 in Necromancy
 13863 | D:8      | Reached skill level 5 in Translocations
 13863 | D:8      | Reached skill level 5 in Transmutations
 13863 | D:8      | Reached skill level 5 in Fire Magic
 13863 | D:8      | Reached skill level 5 in Ice Magic
 13863 | D:8      | Reached skill level 5 in Air Magic
 13863 | D:8      | Reached skill level 5 in Poison Magic
 13889 | D:8      | Found a sparkling altar of Nemelex Xobeh.
 13894 | D:8      | Upgraded the game from 0.29-a0-270-g1586fc07ea to
                  | 0.29-a0-322-g68df515428
 14040 | D:8      | Noticed a green ugly thing
 14048 | Arena    | Entered the Arena
 14080 | Arena    | Killed a green ugly thing
 14081 | Arena    | Reached skill level 7 in Armour
 14103 | D:8      | Identified the +3 leather armour of Impressiveness {Rampage
                  | rPois rC- Dex+7}
 14372 | D:8      | Upgraded the game from 0.29-a0-322-g68df515428 to
                  | 0.29-a0-962-gc8bbfd0a37
 15646 | D:10     | Entered Level 10 of the Dungeon
 16472 | D:10     | Noticed a cyan ugly thing
 16672 | Lair:1   | Entered Level 1 of the Lair of Beasts
 17023 | Lair:1   | Noticed Joseph
 17145 | Lair:1   | Killed Joseph
 17236 | D:8      | Reached skill level 8 in Armour
 17384 | D:7      | Received a gift from Okawaru
 17483 | Lair:1   | Reached XP level 12. HP: 91/91 MP: 23/23
 17918 | Lair:1   | Identified the +0 pair of gloves "Seroor" {Fly} (Okawaru
                  | gifted it to you on level 1 of the Lair of Beasts)
 17918 | Lair:1   | Received a gift from Okawaru
 18199 | Lair:1   | Reached skill level 9 in Armour
 18432 | Lair:1   | Noticed Urug
 18439 | Lair:1   | Killed Urug
 19741 | Lair:2   | Noticed a seven-headed hydra
 19764 | Lair:2   | Killed a seven-headed hydra
 19962 | Lair:2   | Noticed an eight-headed hydra
 19985 | Lair:2   | Killed an eight-headed hydra
 20326 | Lair:2   | Noticed a four-headed hydra
 20351 | Lair:2   | Killed a four-headed hydra
 20352 | Lair:2   | Reached skill level 10 in Armour
 20403 | Lair:2   | Reached XP level 13. HP: 38/99 MP: 18/25
 20483 | Lair:2   | Found a staircase to the Swamp.
 20671 | Lair:3   | Found a runed translucent gate.
 20671 | Lair:3   | Found a runed translucent gate.
 20671 | Lair:3   | Found a runed translucent gate.
 21250 | Lair:3   | Found a hole to the Spider Nest.
 21506 | Lair:3   | Identified the +7 battleaxe "Ejiapn" {drain, Fly rElec rF-
                  | Will+++} (Okawaru gifted it to you on level 3 of the Lair
                  | of Beasts)
 21506 | Lair:3   | Received a gift from Okawaru
 21955 | Lair:3   | Noticed ragingrage's ghost (journeyman GrAr)
 22460 | Lair:4   | Reached skill level 11 in Armour
 22994 | Lair:3   | Killed ragingrage's ghost
 23013 | Lair:3   | Identified the +6 scimitar of Doom {pain, rElec Dex+6 SInv}
 23299 | Lair:4   | Identified the +0 robe of the Sacrificial Victim {Str+2
                  | Int+6} (Okawaru gifted it to you on level 4 of the Lair of
                  | Beasts)
 23299 | Lair:4   | Received a gift from Okawaru
 24751 | Lair:5   | Reached XP level 14. HP: 104/108 MP: 27/27
 25362 | Lair:6   | Entered Level 6 of the Lair of Beasts
 25387 | Lair:6   | Reached skill level 10 in Invocations
 25814 | Lair:6   | Noticed Snorg
 25878 | Lair:6   | Killed Snorg
 26588 | Lair:6   | Reached skill level 12 in Armour
 26940 | Lair:6   | Learned a level 3 spell: Swiftness
 26949 | Lair:6   | Learned a level 3 spell: Confusing Touch
 26951 | Lair:6   | Learned a level 1 spell: Necrotise
 27396 | Lair:6   | Noticed Sonja
 27572 | Lair:6   | Killed Sonja
 28221 | Lair:5   | Reached skill level 10 in Spellcasting
 28565 | Lair:6   | Received a gift from Okawaru
 28566 | Lair:6   | Reached skill level 10 in Fighting
 28566 | Lair:6   | Reached skill level 10 in Axes
 28566 | Lair:6   | Reached skill level 10 in Evocations
 28618 | Lair:6   | Reached skill level 10 in Stealth
 29157 | Lair:6   | Received a gift from Okawaru
 29945 | Lair:6   | Received a gift from Okawaru
 30317 | Lair:6   | Identified the +2 dagger "Adaarr" {vorpal, *Rage rPois rN+
                  | Str+2}
 30752 | Lair:5   | Reached XP level 15. HP: 115/115 MP: 29/29
 30918 | Lair:5   | Found a viscous altar of Jiyva.
 31722 | D:8      | Reached skill level 10 in Short Blades
 31722 | D:8      | Reached skill level 10 in Long Blades
 31722 | D:8      | Reached skill level 10 in Maces & Flails
 31722 | D:8      | Reached skill level 10 in Polearms
 31722 | D:8      | Reached skill level 10 in Staves
 31722 | D:8      | Reached skill level 10 in Ranged Weapons
 31722 | D:8      | Reached skill level 10 in Throwing
 31722 | D:8      | Reached skill level 10 in Dodging
 31722 | D:8      | Reached skill level 10 in Shields
 31722 | D:8      | Reached skill level 10 in Unarmed Combat
 31730 | D:8      | Reached skill level 13 in Armour
 31739 | D:8      | Identified the +7 great sword of Exhibitionism {freeze,
                  | *Slow rElec Str+8}
 31930 | D:10     | Noticed Erolcha
 32004 | D:10     | Killed Erolcha
 32063 | D:10     | Noticed Josephine
 32404 | D:10     | Killed Josephine
 32404 | D:10     | Received a gift from Okawaru
 32645 | D:10     | Got the Precepts of the Volcanoes and Confrontation
 32812 | D:11     | Noticed Psyche
 32812 | D:11     | Noticed Erica
 32825 | D:10     | Killed Erica
 32852 | D:10     | Killed Psyche
 33217 | D:11     | You are sucked into a shaft and drop 1 floor!
 33705 | D:12     | Found a staircase to the Orcish Mines.
 34064 | D:12     | Found a runed translucent door.
 34064 | D:12     | Noticed fisk's ghost (novice DsCK)
 34067 | D:12     | Identified the +2 spear of Callousness {drain, +Blink
                  | Will+}
 34606 | D:13     | Found a portal to a secret trove of treasure.
 34934 | D:13     | Identified the +0 cloak "Oskosel" {Str+3}
 35008 | D:14     | Noticed a tengu reaver
 35011 | D:14     | Found a transporter.
 35011 | D:14     | Noticed Faeteph's ghost (journeyman FoHu)
 35018 | D:14     | Noticed a fire giant
 35185 | D:14     | Upgraded the game from 0.29-a0-962-gc8bbfd0a37 to
                  | 0.29-a0-973-gac7da5f7f0
 35247 | D:14     | Upgraded the game from 0.29-a0-973-gac7da5f7f0 to
                  | 0.29-a0-982-gaed3a0c8d8
 35279 | D:14     | Identified the ring of Myerau {Fly rElec rC- Will++ rCorr}
 35330 | D:14     | Learned a level 5 spell: Yara's Violent Unravelling
 35435 | D:14     | Found a gate to the Vaults.
 35928 | D:14     | Found a transporter.
 36319 | D:15     | Entered Level 15 of the Dungeon
 36319 | D:15     | Found Nuorofry's Magic Scroll Boutique.
 36523 | D:15     | Reached skill level 14 in Armour
 36596 | D:14     | Received a gift from Okawaru
 36867 | D:14     | Received a gift from Okawaru
 36969 | D:15     | Reached XP level 16. HP: 125/125 MP: 31/31
 37537 | D:15     | Upgraded the game from 0.29-a0-982-gaed3a0c8d8 to
                  | 0.29-a0-993-g4a18f31a58
 38017 | D:14     | Upgraded the game from 0.29-a0-993-g4a18f31a58 to
                  | 0.29-a0-998-g1987434951
 38169 | D:15     | Found a staircase to the Depths.
 38189 | D:15     | Received a gift from Okawaru
 38442 | Orc:1    | Entered Level 1 of the Orcish Mines
 38514 | Arena    | Entered the Arena
 39246 | Orc:2    | Entered Level 2 of the Orcish Mines
 39320 | Orc:2    | Found a staircase to the Elven Halls.
 39872 | Orc:2    | Received a gift from Okawaru
 40174 | Orc:2    | Found Geasch's Armour Shop.
 40174 | Orc:2    | Found Kaetter's General Store.
 40195 | Orc:2    | Found Halemic's Antique Weapon Emporium.
 40197 | Orc:2    | Found Yjanodin's Antique Armour Boutique.
 40208 | Orc:2    | Bought a shimmering mace for 248 gold pieces
 40208 | Orc:2    | Identified the +8 mace of the Lonely Nightmares {antimagic,
                  | rF+ Will+ Str+3} (You bought it in a shop on level 2 of the
                  | Orcish Mines)
 40217 | Orc:2    | Bought a pair of transparent gloves for 275 gold pieces
 40217 | Orc:2    | Identified the +2 pair of gloves of Mopsevell {Will++} (You
                  | bought it in a shop on level 2 of the Orcish Mines)
 40654 | D:5      | Bought the +10 fustibalus of Iconoclasm {venom, rF+ rN+}
                  | for 1013 gold pieces
 40654 | D:5      | Bought a scroll of blinking for 105 gold pieces
 40839 | Swamp:1  | Entered Level 1 of the Swamp
 40844 | Swamp:1  | Noticed a thorn hunter
 40848 | Arena    | Entered the Arena
 40850 | Arena    | Killed a thorn hunter
 41008 | Swamp:2  | Received a gift from Okawaru
 41846 | Spider:1 | Entered Level 1 of the Spider Nest
 41953 | Spider:1 | Reached skill level 15 in Armour
 42567 | Spider:2 | Gained mutation: You are clumsy. (Dex -2) [mutagenic glow]
 42858 | Spider:2 | Received a gift from Okawaru
 43087 | Spider:2 | Found a frozen archway.
 43095 | IceCv    | Entered an ice cave
 43216 | IceCv    | Received a gift from Okawaru
 43217 | IceCv    | Reached XP level 17. HP: 34/133 MP: 1/32
 43727 | Spider:2 | Received a gift from Okawaru
 44772 | Spider:2 | Reached skill level 10 in Conjurations
 44772 | Spider:2 | Reached skill level 10 in Hexes
 44772 | Spider:2 | Reached skill level 10 in Summonings
 44772 | Spider:2 | Reached skill level 10 in Necromancy
 44772 | Spider:2 | Reached skill level 10 in Translocations
 44772 | Spider:2 | Reached skill level 10 in Transmutations
 44772 | Spider:2 | Reached skill level 10 in Fire Magic
 44772 | Spider:2 | Reached skill level 10 in Ice Magic
 44772 | Spider:2 | Reached skill level 10 in Air Magic
 44772 | Spider:2 | Reached skill level 10 in Poison Magic
 44964 | Spider:3 | HP: 1/123 [wolf spider[a jorogumo] (17)]
 44965 | Spider:3 | Demolished by a wolf spider

Illustrated notes

Levels and vault maps discovered:
D:1:      kennysheep_arrival_seaside, layout_basic,
          dreamdust_ecumenical_altar_grove, serial_shops, shop
D:2:      layout_basic, basic_altar, minmay_tetromino_s4, uniq_jessica
D:3:      layout_loops_ring, general_overflow_altar, gup_sewer_entry_glass
D:4:      layout_basic, mainiacjoe_overflow_catch_the_wave,
          guppyfry_early_lair_pool
D:5:      layout_loops_corners, serial_shops, nicolae_shop_trees,
          minmay_misc_feat_nine_boxes, nicolae_wooded_promenade
D:6:      layout_loops_ring, vehumet_statue, nicolae_overflows_in_rows,
          minmay_temple_entry_water_ring, uniq_duvessa
D:7:      layout_cave_pools, xom_shifter_show, nicolae_shop_overcharged_wands,
          uniq_prince_ribbit1
D:8:      layout_rooms, old_standard_altar, minmay_lair_entry_grove,
          enter_bailey_5, minmay_hollow_rounded_squares
D:9:      layout_cave_pods
D:10:     layout_basic, lightli_fourway_metalbox, uniq_erolcha, uniq_josephine
D:11:     layout_rooms, nicolae_concentric_dashed_squares_wild,
          wad_rectangle_vault, uniq_psyche, uniq_erica
D:12:     layout_cave_pools, orc_david_3, serial_column_ruins,
          column_ruins_square_medium, column_ruins_grid_1,
          column_ruins_columns_straight, column_ruins_grid_1,
          column_ruins_open_large, column_ruins_open_medium,
          column_ruins_grid_1, ebering_ghost_funeral_grove
D:13:     layout_rooms, enter_trove_3
D:14:     layout_long_grid, david_vaults_5,
          nicolae_concentric_dashed_squares_mild, gammafunk_ghost_arena,
          grunt_decor_fettered, serial_bayou_pond_d
D:15:     grunt_enter_depths_snipers, layout_rooms, serial_shops,
          nicolae_shop_hallway_stairs, moated_statue
Lair:1:   lemuel_reptile_caves, layout_hall_layers, uniq_joseph, uniq_urug
Lair:2:   layout_regular_city, nicolae_swamp_entry_splash_gauntlet,
          lemuel_fruit_fields
Lair:3:   layout_gridlike, nicolae_spider_entry_orb_guardian,
          gammafunk_ghost_icy, st_stairs_7
Lair:4:   layout_gridlike, infiniplex_staircase_pool
Lair:5:   layout_loops_ring, minmay_slime_entry_oklob_enclosed,
          nicolae_quartered_pool_impasse, minmay_holes, roderic_carrion_pond,
          lemuel_fruit_fields
Lair:6:   hangedman_lair_caniforms_friends, layout_gridlike, lemuel_fruit_tree,
          uniq_snorg, uniq_sonja
Swamp:1:  layout_basic_swamp, hangedman_swamp_diagram
Swamp:2:  layout_basic_swamp, evilmike_swamp_ruin_house_4, swamp_pool5,
          hangedman_swamp_ravenous
Spider:1: layout_spider_delve
Spider:2: layout_chambers, portal_ice_cave_entry_pillars_2, worms_lemuel
Spider:3: layout_spider_delve, gammafunk_ghost_tricky_traps, uniq_roxanne,
          uniq_mlioglotl
Orc:1:    cheibrodos_orc_arena, layout_diamond_mine, basic_altar
Orc:2:    st_orc_rangers, layout_caves

Skill      XL: |  1  2  3  4  5  6  7  8  9 10 11 12 13 14 15 16 17 |
---------------+----------------------------------------------------+-----
Invocations    | 1 2 3 4 5 6 7 8 9 10 11 12 | 12.8
Short Blades   | 1 2 3 4 5 6 8 9 10 11 | 11.8
Long Blades    | 1 2 3 4 5 6 8 9 10 11 | 11.8
Maces & Flails | 1 2 3 4 5 6 8 9 10 11 | 11.8
Polearms       | 1 2 3 4 5 6 8 9 10 11 | 11.8
Staves         | 1 2 3 4 5 6 8 9 10 11 | 11.8
Slings         | 1 2 3 4 5 6 |  0.0
Ranged Weapons | 1 2 3 4 5 6 8 9 10 11 | 11.8
Crossbows      | 1 2 3 4 5 6 |  0.0
Throwing       | 1 2 3 4 5 6 8 9 10 11 | 11.8
Armour         | 1 2 3 4 6 8 10 11 12 14 15 | 15.5
Dodging        | 1 2 3 4 5 6 8 9 10 11 | 11.8
Shields        | 1 2 3 4 5 6 8 9 10 11 | 11.8
Unarmed Combat | 1 2 3 4 5 6 8 9 10 11 | 11.8
Spellcasting   | 3 4 5 6 7 8 9 10 11 12 | 12.1
Conjurations   | 1 2 3 4 5 6 7 8 9 10 | 10.0
Hexes          | 1 2 3 4 5 6 7 8 9 10 | 10.0
Summonings     | 1 2 3 4 5 6 7 8 9 10 | 10.0
Necromancy     | 1 2 3 4 5 6 7 8 9 10 | 10.0
Translocations | 1 2 3 4 5 6 7 8 9 10 | 10.0
Transmutations | 1 2 3 4 5 6 7 8 9 10 | 10.0
Fire Magic     | 1 2 3 4 5 6 7 8 9 10 | 10.0
Ice Magic      | 1 2 3 4 5 6 7 8 9 10 | 10.0
Air Magic      | 1 2 3 4 5 6 7 8 9 10 | 10.0
Poison Magic   | 1 2 3 4 5 6 7 8 9 10 | 10.0
Fighting       | 3 4 5 6 7 8 9 10 11 12 | 12.1
Axes           | 3 4 5 6 7 8 9 10 11 12 | 12.1
Evocations     | 3 4 5 6 7 8 9 10 11 12 | 12.1
Stealth        | 3 4 5 6 7 8 9 10 11 12 | 12.0
Earth Magic    | 9 10 11 12 13 | 13.1

Action                   |  1- 3 |  4- 6 |  7- 9 | 10-12 | 13-15 | 16-18 || total
-------------------------+-------+-------+-------+-------+-------+-------++-------
Melee: Dagger            |    54 |   110 |   348 |  1144 |   445 |       ||  2101
       Hand axe          |     9 |       |       |       |       |       ||     9
       Bite              |     3 |     7 |    52 |   253 |   372 |   202 ||   889
       Trident           |       |    11 |    84 |       |       |       ||    95
       Flail             |       |       |       |   402 |   889 |    30 ||  1321
       Scimitar          |       |       |       |       |   407 |   191 ||   598
       Battleaxe         |       |       |       |       |    90 |       ||    90
       Punch             |       |       |       |       |    55 |       ||    55
       Great sword       |       |       |       |       |   271 |   160 ||   431
       Mace              |       |       |       |       |       |   843 ||   843
Throw: Stone             |       |     5 |    12 |       |     1 |       ||    18
       Dart              |       |       |     5 |       |       |     2 ||     7
 Cast: Sandblast         |    21 |    21 |    45 |       |       |       ||    87
       Stone Arrow       |       |       |    12 |    33 |       |       ||    45
       Confusing Touch   |       |       |       |       |       |     5 ||     5
Invok: Heroism           |       |       |     3 |    14 |    16 |     9 ||    42
       Finesse           |       |       |       |     8 |    13 |     5 ||    26
       Duel              |       |       |       |     1 |       |     2 ||     3
Evoke: Wand              |       |       |     2 |       |     5 |       ||     7
  Use: Scroll            |       |     6 |     6 |     4 |    11 |     8 ||    35
       Potion            |       |     1 |     6 |       |    14 |    10 ||    31
 Stab: Sleeping          |     5 |     3 |     7 |    15 |    17 |    19 ||    66
       Distracted        |       |       |       |     4 |     9 |     4 ||    17
       Confused          |       |       |       |       |       |     7 ||     7
Armor: Leather armour    |    26 |    19 |    96 |   271 |    39 |       ||   451
       Scale mail        |       |       |    16 |       |   827 |   633 ||  1476
Dodge: Dodged            |    37 |    48 |   218 |   607 |  1141 |   747 ||  2798
Block: Other             |       |     8 |       |       |   232 |    52 ||   292
       Buckler           |       |    19 |   299 |   792 |       |       ||  1110
       Reflection        |       |       |     7 |     6 |    31 |   101 ||   145
       Kite shield       |       |       |       |    59 |  1004 |  1231 ||  2294

Table legend: (Time is in decaauts)
 A = Elapsed time spent in this place.
 B = Non-inter-level travel time spent in this place.
 C = Inter-level travel time spent in this place.
 D = Time resting spent in this place.
 E = Time spent auto-exploring this place.
 F = Levels seen in this place.
 G = Mean time per level.
                   A        B        C        D        E       F      G
               +--------+--------+--------+--------+--------+-----+--------+
         Total |  44499 |  42616 |   1883 |  12864 |  10685 |  34 | 1308.8 |
       Dungeon |  20973 |  19725 |   1248 |   5078 |   6504 |  15 | 1398.2 |
          Lair |  13940 |  13432 |    508 |   4504 |   2746 |   6 | 2323.3 |
         Swamp |    820 |    820 |      0 |    485 |     11 |   2 |  410.0 |
   Spider Nest |   2980 |   2942 |     38 |    577 |    860 |   3 |  993.3 |
  Orcish Mines |   1874 |   1787 |     87 |    149 |    416 |   2 |  937.0 |
         Sewer |    819 |    819 |      0 |    464 |      0 |   1 |  819.0 |
        Bailey |   2923 |   2923 |      0 |   1559 |    148 |   1 | 2923.0 |
      Ice Cave |    107 |    107 |      0 |     10 |      0 |   1 |  107.0 |
         Arena |     59 |     59 |      0 |     36 |      0 |   3 |   19.7 |
               +--------+--------+--------+--------+--------+-----+--------+

Top non-repeatable levels by time:
  Lair:6: 4917 daAuts
     D:8: 2994 daAuts
  Bailey: 2923 daAuts
Spider:2: 2237 daAuts
     D:4: 2163 daAuts
  Lair:3: 2042 daAuts
     D:5: 1937 daAuts
    D:10: 1827 daAuts
  Lair:1: 1825 daAuts
  Lair:2: 1809 daAuts
    D:14: 1769 daAuts
  Lair:5: 1729 daAuts
  Lair:4: 1617 daAuts
     D:6: 1538 daAuts
     D:9: 1323 daAuts
